 Dungeon Crawl Stone Soup version 0.27.0-1-g7a089689b8 (webtiles) character file.

Game seed: 11117437623666386740

24 horus123 the Gusty (level 2, -2/15 HPs)
             Began as a Deep Elf Air Elementalist on Aug 9, 2021.
             Slain by a scorpion (5 damage)
             ... on level 4 of the Dungeon.
             The game lasted 00:03:32 (1431 turns).

horus123 the Gusty (Deep Elf Air Elementalist)      Turns: 1431, Time: 00:03:32

Health: -2/15      AC:  2    Str:  5    XL:     2   Next: 79%
Magic:  2/8        EV: 12    Int: 19    God:
Gold:   56         SH:  0    Dex: 15    Spells: 4/7 levels left

rFire    . . .     SeeInvis .   (no weapon)
rCold    . . .     Faith    .   (no shield)
rNeg     . . .     Spirit   .   a - +0 robe
rPois    .         Reflect  .   (no helmet)
rElec    .         Harm     .   (no cloak)
rCorr    .         Rampage  .   (no gloves)
Will     .....                  (no boots)
Stlth    ++........             (no amulet)
HPRegen  0.05/turn              b - ring of wizardry
MPRegen  0.11/turn              h - ring of flight

@: lethally poisoned (-2 -> -10), flying
A: no striking features
a: no special abilities


You were on level 4 of the Dungeon.
You visited 1 branch of the dungeon, and saw 3 of its levels.

You collected 56 gold pieces.

Inventory:

Armour
 a - a +0 robe (worn)
Magical Staves
 i - a staff of fire
Jewellery
 b - a ring of wizardry (left hand)
 e - a ring of poison resistance
 h - a ring of flight (right hand)
Scrolls
 d - a scroll of fog
 j - a scroll of enchant armour {unknown}
Potions
 c - a potion of lignification {unknown}
 f - a potion of resistance {unknown}
 g - a potion of degeneration {unknown}
 k - a potion of ambrosia {unknown}


   Skills:
 + Level 2.6 Dodging
 + Level 2.5 Stealth
 + Level 3.3 Spellcasting
 * Level 1.2 Conjurations
 * Level 3.7 Air Magic


You had 4 spell levels left.
You knew the following spells:

 Your Spells              Type           Power      Damage    Failure   Level
a - Shock                 Conj/Air       48%        1d6       2%          1
b - Static Discharge      Conj/Air       12%        N/A       3%          2

Your spell library contained the following spells:

 Spells                   Type           Power      Damage    Failure   Level
 Swiftness                Air            17%        N/A       4%          3
 Airstrike                Air            8%         N/A       13%         4


Dungeon Overview and Level Annotations

Branches:
Dungeon (2/15)

Altars:

Annotations:
D:4 Grinder


Message History

The zap hits the orc.
You kill the orc!
j - a scroll labelled UMISUSK RATOERGH
Found 3 large rocks.
Found a stone staircase leading down.
Found 10 gold pieces.
You now have 56 gold pieces (gained 3).
A scorpion comes into view.
You see here a silvery potion.
k - a silvery potion Grinder comes into view.
The zap hits the scorpion.
The scorpion is lightly wounded.
Grinder shouts!
The zap hits the scorpion.
The scorpion is moderately wounded.
The zap hits Grinder.
Grinder is lightly wounded.
The zap hits the scorpion but does no damage.
The scorpion is moderately wounded.
The zap hits Grinder.
Grinder is lightly wounded.
The zap misses the scorpion.
The zap hits Grinder.
Grinder is moderately wounded.
A necrophage comes into view.
The scorpion misses you.
The zap hits the scorpion but does no damage.
The scorpion is moderately wounded.
The zap misses Grinder.
The scorpion stings you!
Ouch! That really hurt!
You are lethally poisoned!
The scorpion poisons you!
Grinder blinks!
You are too injured to fight recklessly!
Aiming: Shock (safe; 2% risk of failure)
Press: ? - help, Q - select action, (/) - cycle Shift-Dir - straight line, f/p - scorpion
Aim: a scorpion (moderately wounded, 68% to hit)
The zap hits the scorpion.
The scorpion is moderately wounded.
* * * LOW HITPOINT WARNING * * *
You feel very sick. The scorpion stings you.
You die...

*,*,,,,* **,* *,.#.*
*,*,,,,* *.#*
*,.#.#####*** *,***,**
##.#* *,.#.....,,,,
*,***,** #...**
**.#.##.#**** *,,,,,,*
*...,* *..#.#.# *,***,,*
##..## ##.###..## *,*
**####....####.## #.#.#
*,*
*,........#..#..###..##
*,***,,,,,,#.@#..).#.#...#
*,,,,,,,,,,##s........##.#
*****,,,,,*#...###..####.#
********,,,>....ยง.# #..#
#.#
*,,,,,,,,,.......(#*#.##
#.#
*,*******#...#.....,>.#
#.# *,*
#...##...#####***#.# *,*
#$.,*##...,,,,<,,,.# *,*
#.,,* #.##************


You could see a scorpion.

Vanquished Creatures
  An orc (D:4)
  2 endoplasms (D:1)
  2 goblins (D:1)
  2 hobgoblins (D:1)
  2 jackals (D:1)
  A quokka (D:1)
  6 ball pythons (D:1)
  A bat (D:1)
  A frilled lizard (D:1)
  3 rats (D:1)
21 creatures vanquished.

Notes
Turn   | Place    | Note
-------+----------+-------------------------------------------
     0 | D:1      | horus123 the Deep Elf Air Elementalist began the quest for
                  | the Orb.
     0 | D:1      | Reached XP level 1. HP: 10/10 MP: 6/6
   566 | D:1      | Reached XP level 2. HP: 15/15 MP: 5/8
   806 | D:1      | Learned a level 2 spell: Static Discharge
  1360 | D:2      | You are sucked into a shaft and drop 2 floors!
  1423 | D:4      | Noticed a scorpion
  1425 | D:4      | Noticed Grinder
  1429 | D:4      | Noticed a necrophage
  1431 | D:4      | Slain by a scorpion

Illustrated notes

Levels and vault maps discovered:
D:1:      saegor_arrival_simple_c, layout_basic, kennysheep_decorative_pillar,
          minivault_24
D:2:      layout_loops_ring, serial_glass, glass_columns_c, glass_columns_b,
          feat_on_display, shapermc_ecumenical_altar_starsandcircs, uniq_terence
D:4:      layout_loops_ring, uniq_crazy_yiuf_cottage, uniq_grinder

Action                   || total
-------------------------++-------
Melee: Unarmed           ||    30
 Cast: Shock             ||    57
  Use: Scroll            ||     4
Armor: Robe              ||     5
Dodge: Dodged            ||    35
